 Dungeon Crawl Stone Soup version 0.28-a0-556-gab23d0e057 (webtiles) character file.

Game seed: 1600077332425756033

4186 robertstho the Thaumaturge (level 10, -22/72 HPs)
             Began as a Djinni Fire Elementalist on Sept 28, 2021.
             Was an Initiate of Gozag.
             Shot with an arrow by a centaur warrior (24 damage)
             ... on level 8 of the Dungeon.
             The game lasted 00:11:51 (9806 turns).

robertstho the Thaumaturge (DjFE)                   Turns: 9806, Time: 00:11:51

Health: -22/72     AC:  5    Str:  9    XL:     10   Next: 53%
Gold:   313        EV: 13    Int: 27    God:    Gozag SH:  0 Dex: 13

rFire   + + +      SeeInvis .   s - +7 flail of the Fool {vorpal, rElec Str+2}
rCold   . . .      Faith    .   (no shield)
rNeg    . . .      Spirit   .   i - +2 robe {Archmagi}
rPois   ∞          Reflect  .   (no helmet)
rElec   +          Harm     .   w - +0 cloak
rCorr   +          Rampage  .   (no gloves)
Will    +....      Archmagi +   (boots unavailable)
Stlth   +++.......              (no amulet)
HPRegen 0.22/turn               p - +6 ring of intelligence
MPRegen 0.00/turn               (no ring)

@: resistant, flying
A: sickness immunity, fire resistance 3, cold vulnerability 1, float, innate
caster, hp casting, extra vitality 1
a: Renounce Religion, Potion Petition, Call Merchant, Bribe Branch


You were on level 8 of the Dungeon.
You worshipped Gozag.
Gozag was aware of your devotion.
You visited 2 branches of the dungeon, and saw 9 of its levels.

You collected 579 gold pieces.
You spent 125 gold pieces at shops.
You paid 141 gold pieces to Gozag.

Inventory:

Hand Weapons
 g - a +1 dagger of draining
 l - a +2 dagger of venom
 s - the +7 flail of the Fool (weapon) {vorpal, rElec Str+2}
   (You found it on level 7 of the Dungeon)

   It inflicts extra damage upon your enemies.
   Str:       It affects your strength (+2).
   rElec:     It insulates you from electricity.
 y - a +0 scimitar of flaming
Armour
 i - a +2 robe of the Archmagi (worn)
 o - the +1 robe of Filth {rElec Slay+3}
   (You bought it in a shop on level 5 of the Dungeon)

   Slay:      It affects your accuracy & damage with ranged weapons and melee
   (+3).
   rElec:     It insulates you from electricity.
 w - a +0 cloak (worn)
Jewellery
 d - an amulet of guardian spirit
 p - a +6 ring of intelligence (left hand)
 t - an amulet of the acrobat
Wands
 a - a wand of flame (20)
 m - a wand of iceblast (10)
Scrolls
 b - a scroll of brand weapon
 e - 3 scrolls of amnesia {unknown}
 h - 3 scrolls of acquirement {unknown}
 j - a scroll of silence
 k - 2 scrolls of blinking {unknown}
 n - 2 scrolls of fog {unknown}
 q - 2 scrolls of teleportation
 r - a scroll of enchant weapon
 z - a scroll of identify
Potions
 c - a potion of resistance
 v - a potion of attraction


   Skills:
 * Level 5.7 Fighting
 + Level 0.5 Short Blades
 + Level 0.3 Maces & Flails
 * Level 5.5 Armour
 + Level 3.2 Dodging
 + Level 4.1 Stealth
 + Level 8.9 Spellcasting


You had 3 spell levels left.
You knew the following spells:

 Your Spells              Type           Power      Damage    Failure   Level
a - Foxfire               Conj/Fire      100%       2x1d9     1%          1
b - Scorch                Fire           100%       2d10      1%          2
c - Conjure Flame         Conj/Fire      74%        6-21      1%          3
d - Inner Flame           Hex/Fire       74%        N/A       1%          3
e - Flame Wave            Conj/Fire      74%        3d13      1%          4
f - Beastly Appendage     Tmut           100%       N/A       1%          1
g - Searing Ray           Conj           100%       2d8       1%          2
h - Frozen Ramparts       Ice            100%       1d12      1%          3
i - Dispel Undead         Necr           74%        3d25      1%          4
Your spell library was empty.

Dungeon Overview and Level Annotations

Branches:
Dungeon (8/15)             Temple (1/1) D:7
   Lair: D:8-11

Altars:
Ashenzari
Dithmenos
Elyvilon
Gozag
Hepliaklqana
Kikubaaqudgha
Makhleb
Nemelex Xobeh
Okawaru
Ru
Trog
Uskayaw
Vehumet
Wu Jian
Xom
Yredelemnul
Zin
The Shining One

Shops:
D:5 [[[[

Annotations:
D:8 Harold


Innate Abilities, Weirdness & Mutations

You are immune to sickness and miasma.
You are immune to poison.
Your flesh is almost immune to the effects of heat. (rF+++)
You are vulnerable to cold. (rC-)
You float through the air rather than walking.
You learn spells naturally, not from books.
Your magical power is your life essence.
You have superior vitality. (+4 HP)


Message History

The centaur warrior is severely wounded.
The centaur warrior is engulfed in a cloud of scalding steam.
The centaur warrior shoots an arrow.
The arrow misses you.
Casting: Scorch (safe; 1% risk of failure)
Confirm with . or Enter, or press ? or * to list all spells.
You feel a surge of power!
Flames lash the centaur warrior.
The centaur warrior is burned terribly!
The centaur warrior is severely wounded.
The plant is engulfed in blazing flames.
A nearby plant withers and dies.
The centaur warrior is engulfed in a cloud of scalding steam.
The centaur warrior shoots an arrow.
The arrow barely misses you.
A green ugly thing comes into view.
The centaur warrior shoots an arrow.
The arrow hits you!
* * * LOW HITPOINT WARNING * * *
You feel much better.
You are engulfed in blazing flames.
You resist.
The centaur warrior shoots an arrow.
The arrow hits you!!
* * * LOW HITPOINT WARNING * * *
Unknown command.
As you read the scroll of fear, it crumbles to dust.
You assume a fearsome visage.
The plant is unaffected.
The centaur warrior looks frightened!
The green ugly thing looks frightened!
The plant is unaffected.
You are engulfed in blazing flames.
You resist.
* * * LOW HITPOINT WARNING * * *
The centaur warrior is no longer more vulnerable to fire.
Unknown command.
You feel better.
You are engulfed in blazing flames.
You resist.
* * * LOW HITPOINT WARNING * * *
You feel protected.
You are engulfed in blazing flames.
You resist.
* * * LOW HITPOINT WARNING * * *
The centaur warrior moans, "Oh dear!
Oh dear!"
Cornered, the centaur warrior turns to fight!
You hear a splashing noise.
The centaur warrior shoots an arrow.
The arrow misses you.
You are engulfed in blazing flames.
You resist.
* * * LOW HITPOINT WARNING * * *
The centaur warrior shoots an arrow.
The arrow hits you!!
You die...
Your body crumbles into a pile of gold.

#.......##♣♣♣.........♣♣♣
#........#..!............
#......<##♣♣♣.........♣♣♣
##.....## ♣♣♣♣♣.♣♣♣♣♣
......## ####♣§♣####
.....## ♣♣♣§§≈§§§§.c♣ $
.##### #♣P§§§§§§§§≈♣ .#
#.≈§§§§§§§§P♣ .#######
♣§§§§☼@§§§♣ ........
♣§§☼§§§§§§♣ ......>.
######§§§## #######.
§§§§§. # §♣§♣.♣.♣ #
♣.♣.♣.♣.♣ # ♣ ♣.♣.♣ ♣ #
..... #


You could see a centaur warrior.

Vanquished Creatures
  Joseph (D:7)
  A centaur zombie (D:8)
  Maggie (D:8)
  Grinder (D:5)
  Sigmund (D:3)
  Menkaure (D:5)
  2 water moccasins (D:7)
  Duvessa (D:6)
  An orc warrior (D:7)
  3 ice beasts
  Purgy (D:4)
  4 sky beasts
  A black bear (D:7)
  2 necrophages
  3 ogres
  A centaur (D:6)
  A bullfrog (D:3)
  A kobold brigand (D:7)
  2 scorpions
  2 wyvern zombies (D:6)
  Dowan (D:6)
  5 wights (D:6)
  A hound (D:6)
  Crazy Yiuf (D:7)
  A bullfrog zombie (D:5)
  3 jellies (D:6)
  Ijyb (D:3)
  2 iguanas
  2 orc wizards (D:8)
  A hound zombie (D:5)
  3 adders
  A howler monkey skeleton (D:6)
  A white imp (D:6)
  An ufetubus (D:4)
  A worm (D:3)
  2 dart slugs
  17 orcs
  5 ball pythons
  10 endoplasms
  2 hobgoblins
  2 jackals (D:1)
  3 quokkas
  5 bats (D:1)
  4 frilled lizards
  6 goblins
  11 kobolds
  5 rats (D:1)
128 creatures vanquished.

Vanquished Creatures (others)
  462 foxfires
  A fungus (D:7)
  6 plants
469 creatures vanquished.

Grand Total: 597 creatures vanquished

Notes
Turn   | Place    | Note
-------+----------+-------------------------------------------
     0 | D:1      | robertstho the Djinni Fire Elementalist began the quest for
                  | the Orb.
     0 | D:1      | Reached XP level 1. HP: 15/15 MP: 0/0
   741 | D:1      | Reached XP level 2. HP: 19/22 MP: 0/0
  1127 | D:1      | Found a faded altar of an unknown god.
  1573 | D:1      | Reached XP level 3. HP: 23/26 MP: 0/0
  1573 | D:1      | Learned a level 1 spell: Beastly Appendage
  2631 | D:3      | Reached skill level 3 in Spellcasting
  2846 | D:3      | Reached XP level 4. HP: 25/31 MP: 0/0
  3054 | D:3      | Noticed Sigmund
  3063 | D:3      | Killed Sigmund
  3064 | D:3      | Reached skill level 1 in Fighting
  3064 | D:3      | Reached skill level 1 in Armour
  3064 | D:3      | Reached XP level 5. HP: 18/38 MP: 0/0
  3064 | D:3      | Learned a level 2 spell: Searing Ray
  3064 | D:3      | Reached XP level 6. HP: 20/43 MP: 0/0
  3261 | D:3      | Noticed Ijyb
  3267 | D:3      | Killed Ijyb
  3268 | D:3      | Reached skill level 4 in Spellcasting
  3730 | D:4      | Reached XP level 7. HP: 45/49 MP: 0/0
  3730 | D:4      | Learned a level 3 spell: Frozen Ramparts
  3768 | D:4      | Noticed Purgy
  3776 | D:4      | Killed Purgy
  3891 | D:4      | Found a glowing golden altar of the Shining One.
  4190 | D:4      | Found a bloodstained altar of Trog.
  4662 | D:5      | Entered Level 5 of the Dungeon
  4662 | D:5      | Noticed Grinder
  4670 | D:5      | Killed Grinder
  4671 | D:5      | Reached skill level 5 in Spellcasting
  4671 | D:5      | Reached XP level 8. HP: 46/55 MP: 0/0
  4852 | D:5      | Found a white marble altar of Elyvilon.
  4918 | D:5      | Noticed Menkaure
  4923 | D:5      | Killed Menkaure
  4924 | D:5      | Reached skill level 6 in Spellcasting
  4962 | D:5      | Found Reqimeo's Antique Armour Emporium.
  4976 | D:5      | Bought a faintly humming robe for 125 gold pieces
  4976 | D:5      | Identified the +1 robe of Filth {rElec Slay+3} (You bought
                  | it in a shop on level 5 of the Dungeon)
  5222 | D:5      | Found Jomio's Armour Emporium.
  5265 | D:5      | Found Toli's Armour Boutique.
  5321 | D:5      | Found an iron altar of Okawaru.
  5352 | D:5      | Found Bumutysm's Antique Armour Emporium.
  5430 | D:6      | Reached XP level 9. HP: 57/62 MP: 0/0
  5430 | D:6      | Learned a level 4 spell: Dispel Undead
  5691 | D:6      | Reached skill level 7 in Spellcasting
  6050 | D:6      | Noticed Dowan
  6052 | D:6      | Noticed Duvessa
  6064 | D:6      | Killed Duvessa
  6068 | D:6      | HP: 2/63 [Dowan/shard of ice (28)]
  6076 | D:6      | Killed Dowan
  6083 | D:6      | HP: 2/63 [iguana (11)]
  6085 | D:6      | Gained mutation: Your flesh is almost immune to the effects
                  | of heat. (rF+++) [potion of mutation]
  7376 | D:7      | Noticed Joseph
  7540 | D:7      | Reached skill level 8 in Spellcasting
  7656 | D:7      | Found a sacrificial altar of Ru.
  7780 | D:7      | Found a staircase to the Ecumenical Temple.
  7786 | D:7      | Reached XP level 10. HP: 61/69 MP: 0/0
  7797 | D:7      | Found a broken altar of Ashenzari.
  7824 | Temple   | Entered the Ecumenical Temple
  8081 | Temple   | Became a worshipper of Gozag Ym Sagoz the Greedy
  8179 | D:7      | Reached skill level 5 in Fighting
  8179 | D:7      | Reached skill level 5 in Armour
  8506 | D:7      | Identified the +7 flail of the Fool {vorpal, rElec Str+2}
  8625 | D:7      | Killed Joseph
  9256 | D:7      | Found a runed translucent door.
  9257 | D:7      | Noticed Crazy Yiuf
  9261 | D:7      | Killed Crazy Yiuf
  9482 | D:8      | Noticed Harold
  9533 | D:8      | Noticed Maggie
  9544 | D:8      | Killed Maggie
  9797 | D:8      | Noticed a centaur warrior
  9801 | D:8      | Noticed a green ugly thing
  9803 | D:8      | HP: 1/72 [cloud of flame (5)]
  9806 | D:8      | Shot with an arrow by a centaur warrior

Illustrated notes

Levels and vault maps discovered:
D:1:      wander_arrival_desolate, layout_basic,
          dreamdust_ecumenical_altar_grove
D:2:      layout_rooms
D:3:      layout_rooms, minmay_misc_feat_pillars, kennysheep_generic_room_13,
          uniq_sigmund, uniq_ijyb
D:4:      layout_gridville, lemuel_doored_altar,
          mainiacjoe_overflow_small_starburst, uniq_purgy
D:5:      layout_rooms, kennysheep_little_box, elyvilon_altar_5, serial_shops,
          nicolae_shop_temple_entry_statues_fountains, shop, shop,
          kennysheep_mini_moat, uniq_menkaure, uniq_grinder
D:6:      layout_basic, uniq_duvessa
D:7:      layout_basic, lemuel_crystal_altar, nicolae_ru_the_path_less_chosen,
          minmay_temple_entry_statues, kennysheep_decorative_pillar,
          uniq_joseph, uniq_crazy_yiuf_cottage
D:8:      nzn_winding_woodlands_three_and_one
          [nzn_winding_woodlands_5x15_default,
          nzn_winding_woodlands_5x15_lazy_stream,
          nzn_winding_woodlands_5x15_sidewinder,
          nzn_winding_woodlands_center_diamonds], layout_loops_ring,
          nicolae_qazlal_scattered_showers, uniq_maggie, uniq_harold
Temple:   hc_temple_tempest_star

Skill      XL: |  1  2  3  4  5  6  7  8  9 10 |
---------------+-------------------------------+-----
Spellcasting   | 3 4 5 6 8 |  8.9
Stealth        | 2 3 4 |  4.1
Fighting       | 1 2 3 4 5 |  5.7
Armour         | 1 2 3 4 5 |  5.5
Dodging        | 3 |  3.2
Short Blades   | |  0.5
Maces & Flails | |  0.3

Action                   |  1- 3 |  4- 6 |  7- 9 | 10-12 || total
-------------------------+-------+-------+-------+-------++-------
Melee: Dagger            |       |       |     3 |     9 ||    12
       Flail             |       |       |       |    10 ||    10
 Cast: Foxfire           |   110 |    48 |   112 |       ||   270
       Scorch            |       |     3 |    74 |    18 ||    95
       Flame Wave        |       |       |     1 |     6 ||     7
       Frozen Ramparts   |       |       |     1 |       ||     1
  Use: Potion            |       |       |     8 |     4 ||    12
       Scroll            |       |       |       |     9 ||     9
 Stab: Sleeping          |       |       |     1 |     1 ||     2
Armor: Robe              |     1 |     1 |     3 |     6 ||    11
Dodge: Dodged            |     5 |     5 |    15 |    25 ||    50

Table legend: (Time is in decaauts)
 A = Elapsed time spent in this place.
 B = Non-inter-level travel time spent in this place.
 C = Inter-level travel time spent in this place.
 D = Time resting spent in this place.
 E = Time spent auto-exploring this place.
 F = Levels seen in this place.
 G = Mean time per level.
                   A        B        C        D        E       F      G
               +--------+--------+--------+--------+--------+-----+--------+
         Total |   9829 |   9442 |    387 |    893 |   7511 |   9 | 1092.1 |
       Dungeon |   9545 |   9197 |    348 |    893 |   7279 |   8 | 1193.1 |
        Temple |    284 |    245 |     39 |      0 |    232 |   1 |  284.0 |
               +--------+--------+--------+--------+--------+-----+--------+

Top non-repeatable levels by time:
     D:1: 1767 daAuts
     D:7: 1708 daAuts
     D:6: 1678 daAuts
     D:5: 1172 daAuts
     D:3: 1108 daAuts
     D:4: 937 daAuts
     D:2: 846 daAuts
     D:8: 325 daAuts
  Temple: 284 daAuts
